 Dungeon Crawl Stone Soup version 0.31-a0-986-g5e6e4ef867 (webtiles) character file.

Game seed: 3402828301391139153

54 sammy202020 the Covered (level 3, -3/24 HPs)
             Began as a Gargoyle Fighter on Nov 24, 2023.
             Slain by Natasha (8 damage)
             ... on level 2 of the Dungeon.
             The game lasted 00:01:33 (1101 turns).

sammy202020 the Covered (Gargoyle Fighter)          Turns: 1101, Time: 00:01:34

Health: -3/24      AC: 10    Str: 19    XL:     3   Next: 91%
Magic:  3/3        EV:  9    Int: 10    God:
Gold:   30         SH:  4    Dex:  9    Spells: 2/2 levels left

rFire   . . .        a - +0 flail
rCold   . . .        c - +0 buckler
rNeg    + . .        b - +0 scale mail
rPois   ∞            (no helmet)
rElec   +            (no cloak)
rCorr   .            (no gloves)
SInv    .            (no boots)
Will    .....        e - amulet of the acrobat Stlth
                     (no ring)
HPRegen 0.24/turn    (no ring)
MPRegen 0.08/turn

%: acrobat
@: no status effects
A: sickness immunity, AC +3, negative energy resistance 1, electricity
resistance, torment resistance 1, petrification resistance
a: no special abilities


You were on level 2 of the Dungeon.
You visited 1 branch of the dungeon, and saw 2 of its levels.

You collected 30 gold pieces.

Inventory:

Hand Weapons
 a - a +0 flail (weapon)
Armour
 b - a +0 scale mail (worn)
 c - a +0 buckler (worn)
Jewellery
 e - an amulet of the acrobat (around neck)
 j - a ring of fire
Scrolls
 f - a scroll of enchant armour {unknown}
 h - a scroll of fog {unknown}
 k - a scroll of identify {unknown}
Potions
 d - a potion of might
 g - a potion of enlightenment {unknown}
 i - a potion of curing {unknown}
 l - a potion of degeneration {unknown}


   Skills:
 * Level 3.7 Fighting
 * Level 2.5 Maces & Flails
 * Level 3.8 Armour
 + Level 0.5 Dodging
 * Level 3.7 Shields


You had 2 spell levels left.
You didn't know any spells.
Your spell library contained the following spells:

 Spells                   Type           Power      Damage    Failure   Level
 Frozen Ramparts          Ice            0%         1d1       99%         3
 Petrify                  Tmut/Erth      0%         N/A       100%        4
 Metabolic Englaciation   Hex/Ice        0%         N/A       100%        5


Dungeon Overview and Level Annotations

Branches:
Dungeon (2/15)

Altars:

Annotations:
D:2 Natasha


Innate Abilities, Weirdness & Mutations

You are immune to sickness and miasma.
Your stone body is resilient. (AC +3)
You are immune to poison.
You resist negative energy. (rN+)
You are resistant to electric shocks. (rElec)
You are resistant to unholy torment.
You are immune to petrification.


Message History

You are too injured to fight recklessly!
You are too injured to fight recklessly!
You are too injured to fight recklessly!
You are too injured to fight recklessly!
You are too injured to fight recklessly!
You are too injured to fight recklessly!
You are too injured to fight recklessly!
You hit Natasha.
Natasha is heavily wounded.
Natasha claws you.
Natasha wildly gestures.
Natasha glows brightly for a moment.
Natasha claws you.
* * * LOW HITPOINT WARNING * * *
You closely miss Natasha.
Natasha is heavily wounded.
You block Natasha's attack.
You barely miss Natasha.
Natasha is heavily wounded.
Natasha claws you but does no damage.
You hit Natasha.
Natasha is heavily wounded.
Natasha claws you but does no damage. Natasha misses you.
You barely miss Natasha.
Natasha is heavily wounded.
Natasha closely misses you.
You barely miss Natasha.
Natasha is heavily wounded.
Natasha claws you.
* * * LOW HITPOINT WARNING * * *
You closely miss Natasha.
Natasha is heavily wounded.
Natasha howls an incantation.
You feel troubled. Natasha closely misses you. You block Natasha's attack.
You hit Natasha.
Natasha is heavily wounded.
Natasha claws you!
You die...
Natasha curls up and begins to purr.

##...# ....# #..)#
#...####### ######
#.......<.. .....#
##.#.######
####.#######.###.##
#........## ##.#
#########.# #@.#
#.#h#.# #.##.#
####.# #.# ... ...
..


You could see Natasha.

Vanquished Creatures
  Natasha (D:2)
  A dart slug (D:1)
  3 ball pythons
  3 bats
  An endoplasm (D:2)
  5 goblins
  3 hobgoblins (D:1)
  3 jackals (D:1)
  2 quokkas
  3 kobolds
25 creatures vanquished.

Notes
Turn   | Place    | Note
-------+----------+-------------------------------------------
     0 | D:1      | sammy202020 the Gargoyle Fighter began the quest for the
                  | Orb.
     0 | D:1      | Reached XP level 1. HP: 14/14 MP: 1/1
    99 | D:1      | Reached XP level 2. HP: 11/19 MP: 2/2
   855 | D:2      | Noticed Natasha
   860 | D:2      | Reached XP level 3. HP: 23/23 MP: 3/3
   865 | D:2      | Killed Natasha
  1089 | D:2      | Noticed Natasha
  1101 | D:2      | Slain by Natasha

Illustrated notes

Levels and vault maps discovered:
D:1:      dpeg_arrival_morbid_curiosity, layout_basic
D:2:      layout_loops_ring, basic_ecumenical_altar, uniq_natasha

Action                     || total
---------------------------++-------
  Melee: Flail             ||   114
 Armour: Scale mail        ||   102
  Dodge: Dodged            ||    87
  Block: Buckler           ||    28

Table legend: (Time is in decaauts)
 A = Elapsed time spent in this place.
 B = Non-inter-level travel time spent in this place.
 C = Inter-level travel time spent in this place.
 D = Time resting spent in this place.
 E = Time spent auto-exploring this place.
 F = Levels seen in this place.
 G = Mean time per level.
                   A        B        C        D        E       F      G
               +--------+--------+--------+--------+--------+-----+--------+
         Total |   1137 |   1114 |     23 |     55 |    751 |   2 |  568.5 |
       Dungeon |   1137 |   1114 |     23 |     55 |    751 |   2 |  568.5 |
               +--------+--------+--------+--------+--------+-----+--------+

Top non-repeatable levels by time:
     D:1: 820 daAuts
     D:2: 316 daAuts
